 Dungeon Sprint DCSS version 0.31.0-12-g77e489cdc1 (webtiles) character file.

Game seed: 15641229607413252833

5 Kallu the Ruffian (level 1, 0/20 HPs)
             Began as a Ghoul Monk on Feb 15, 2024.
             Was a Believer of Wu Jian.
             Slain by a scorpion (3 damage)
             ... in the Dungeon (Sprint VI: "Thunderdome").
             The game lasted 00:01:23 (196 turns).

Kallu the Ruffian (Ghoul Monk)                       Turns: 196, Time: 00:01:24

Health: 0/20       AC:  2    Str: 14    XL:     1   Next: 70%
Magic:  1/1        EV: 12    Int:  9    God:    Wu Jian [**....]
Gold:   210        SH:  0    Dex: 11    Spells: 0/0 levels left

rFire   . .          .
                       - Unarmed
rCold   + . .        c - orb {light}
rNeg    + + +        a - +0 robe
rPois   ∞            (no helmet)
rElec   .            (no cloak)
rCorr   .            (no gloves)
SInv    .            (no boots)
Will    .....        (no amulet)
Stlth   +            (no ring)
HPRegen 0.00/turn    (no ring)
MPRegen 0.07/turn

%: no teleportation
@: inhibited regen, glowing
A: claws 1, cold resistance 1, negative energy resistance 3, inhibited
regeneration, torment resistance 2, devour on kill
a: Renounce Religion, Wall Jump


You were in the Dungeon.
You worshipped Wu Jian.
Wu Jian was pleased with you.
You visited 1 branch You collected 210 gold pieces.

Inventory:

Armour
 a - a +0 robe (worn)
 c - an orb of light (worn)
Wands
 j - a wand of quicksilver (5)
 k - a wand of roots (5)
Scrolls
 h - 4 scrolls of blinking
 l - 3 scrolls of fog
Potions
 b - a potion of ambrosia
 d - a potion of curing
 e - 4 potions of heal wounds
 f - 4 potions of haste
 g - 2 potions of magic
 i - 2 potions of resistance


   Skills:
 + Level 3.9 Fighting
 - Level 2.6 Dodging
 * Level 4.4 Unarmed Combat


You couldn't memorise any spells.
You didn't know any spells.
Your spell library was empty.

Dungeon Overview and Level Annotations

Branches:
Dungeon (1/1)

Altars:
Cheibriados
Dithmenos
Fedhas
Gozag
Kikubaaqudgha
Makhleb
Okawaru
Qazlal
Ru
Sif Muna
Trog
Uskayaw
Vehumet
Wu Jian
Xom
Yredelemnul
Lugonu

Shops:
D *[=??*?*:[((!!!!


Innate Abilities, Weirdness & Mutations

You are immune to poison.
You have sharp fingernails.
Your flesh is cold resistant. (rC+)
You are immune to negative energy. (rN+++)
You do not regenerate when monsters are visible.
You are immune to unholy pain and torment.
You thrive by killing the living.


Message History

You scratch the scorpion.
The scorpion is heavily wounded.
A scorpion comes into view.
The scorpion barely misses you.
You scratch the scorpion.
The scorpion is heavily wounded.
The scorpion stings you.
You scratch the scorpion but do no damage.
The scorpion is heavily wounded.
The scorpion misses you.
You scratch the scorpion but do no damage.
The scorpion is heavily wounded.
The scorpion closely misses you.
You scratch the scorpion but do no damage.
The scorpion is heavily wounded.
The scorpion closely misses you. The scorpion stings you.
Okay, then.
Unknown command.
Okay, then.
Unknown command.
You spin and attack the scorpion.
You scratch the scorpion but do no damage.
The scorpion misses you. The scorpion attacks as it pursues you!
The scorpion stings you! The scorpion attacks as it pursues you!
The scorpion stings you.
Aiming: Wall Jump
Press: ? - help, Dir - move target You repeatedly attack the scorpion from above.
You barely miss the scorpion. x2
You repeatedly attack the scorpion from above.
You scratch the scorpion.
The scorpion is severely wounded.
You completely miss the scorpion.
The scorpion is severely wounded.
The scorpion stings you.
* * * LOW HITPOINT WARNING * * *
The scorpion barely misses you.
The scorpion stings you but does no damage.
The scorpion barely misses you. The scorpion stings you.
You die...

##∩.....∩## #∩.......∩#
#_......._# #........_#
#_......._# ###......†..###
#⌠...........⌠#
######.8.......○°8.######
#∩___......###.°@°..__.∩##
∩........8.# #.8ss......∩###
...........###.............##
........###...###..........⌠#
........# #.<.# #..........⌠#
........###...###..........⌠#
...........###.............##
∩........8.# #.8........∩###
#∩___.)....###......___∩##


You could see 2 scorpions.

Vanquished Creatures
  An orc (D)
  A quokka (D)
  A frilled lizard (D)
  A kobold (D)
4 creatures vanquished.

Notes
Turn   | Place    | Note
-------+----------+-------------------------------------------
     0 | D        | Kallu the Ghoul Monk began the quest for the Orb.
     0 | D        | Reached XP level 1. HP: 19/19 MP: 1/1
     1 | D        | Found a stormy altar of Qazlal.
     1 | D        | Found a sacrificial altar of Ru.
     2 | D        | Found a shadowy altar of Dithmenos.
     2 | D        | Found an ornate altar of the Wu Jian Council.
     3 | D        | Found a shimmering altar of Xom.
     3 | D        | Found a burning altar of Makhleb.
     4 | D        | Found Qyhyxept's Staff Store.
     4 | D        | Found Edoma's Magic Scroll Shop.
     5 | D        | Found Unuist's Must-Have Magic.
     5 | D        | Found Yttitid's Magic Scroll Shop.
     5 | D        | Round 1.
    23 | D        | Found a bloodstained altar of Trog.
    27 | D        | Found an iron altar of Okawaru.
    27 | D        | Found an opulent altar of Gozag.
    27 | D        | Found Vivoocy's Timeless Talismans.
    27 | D        | Found Vyinitee's Jewellery.
    28 | D        | Found Ruyrhe's Advanced Armour.
    39 | D        | Became a worshipper of the Wu Jian Council
    39 | D        | Reached * piety under Wu Jian
    39 | D        | Reached ** piety under Wu Jian
    55 | D        | Found Pump's Identification Station.
    55 | D        | Found a radiant altar of Vehumet.
    55 | D        | Found a basalt altar of Yredelemnul.
    55 | D        | Found an ancient bone altar of Kikubaaqudgha.
    68 | D        | Reached skill level 4 in Unarmed Combat
    89 | D        | Found a blossoming altar of Fedhas.
   107 | D        | Found Goih Vuj's Premium Goods.
   107 | D        | Found Jikhaluc's Miscellaneous Merchandise.
   108 | D        | Found Xifept's Basic Armour.
   114 | D        | Found Suhatage's Weapon Rack.
   114 | D        | Found a corrupted altar of Lugonu.
   114 | D        | Found a shimmering blue altar of Sif Muna.
   127 | D        | Found a hide-covered altar of Uskayaw.
   129 | D        | Found a snail-covered altar of Cheibriados.
   147 | D        | Found Kipnuys's Do-It-Yourself Clinic.
   147 | D        | Found Penlituy's Distillery.
   148 | D        | Found Mifeckoy's Bottled Wisdom.
   148 | D        | Found Vogrigi's Distillery.
   159 | D        | Noticed Sigmund
   168 | D        | Arena points: 5 (+5) [x1]
   183 | D        | Round 2.
   184 | D        | Noticed a scorpion
   188 | D        | Noticed a scorpion
   196 | D        | Slain by a scorpion

Illustrated notes

Levels and vault maps discovered:
D:        arena_sprint

Skill      XL: |  1 |
---------------+----+-----
Unarmed Combat | 4 |  4.4
Fighting       | |  3.9
Dodging        | |  2.6

Action                     || total
---------------------------++-------
  Melee: Unarmed           ||    27
Ability: Lunge             ||     5
         Whirlwind         ||     1
         Wall Jump         ||     1
 Armour: Robe              ||    12
  Dodge: Dodged            ||    13
